 Dungeon Crawl Stone Soup version 0.19.1-1-g22dce08 (webtiles) character file.

333 dngmouse the Firebug (level 6, -1/36 HPs)
             Began as a High Elf Fire Elementalist on Jan 20, 2017.
             Slain by Edmund
             ... wielding a +1 dire flail of protection
              (8 damage)
             ... on level 3 of the Dungeon.
             The game lasted 00:17:09 (3974 turns).

dngmouse the Firebug (High Elf Fire Elementalist)   Turns: 3974, Time: 00:17:10

Health: -1/36      AC:  5    Str:  7    XL:     6   Next: 27%
Magic:  0/10       EV: 12    Int: 20    God:
Gold:   170        SH:  4    Dex: 17    Spells: 3 memorised, 2 levels left

rFire  . . .     SeeInvis +     a - +0 short sword
rCold  . . .     Gourm    .     y - +2 robe {MR+}
rNeg   . . .     Faith    .     v - +0 buckler
rPois  .         Spirit   .     (no helmet)
rElec  .         Reflect  .     x - +0 cloak
rCorr  .         Harm     .     (no gloves)
MR     +....                    (no boots)
Stlth  +++.......               (no amulet)
                                C - ring of stealth
                                p - ring of see invisible

@: very slightly contaminated, invisible
A: no striking features
a: no special abilities


You were on level 3 of the Dungeon.
You were very hungry.

You visited 1 branch of the dungeon, and saw 4 of its levels.

You collected 170 gold pieces.

Inventory:

Hand Weapons
 a - a +0 short sword (weapon)
Armour
 g - a +0 robe
 q - a +4 scale mail of magic resistance
 v - a +0 buckler (worn)
 x - a +0 cloak (worn)
 y - a +2 robe of magic resistance (worn)
 B - the cursed +0 ring mail of Makhleb's Regard {Regen+ Dex+4}
   (You found it on level 4 of the Dungeon)

   It affects your dexterity (+4).
   It increases your rate of regeneration.
   It has a curse placed upon it.
Jewellery
 p - a ring of see invisible (left hand)
 u - an uncursed ring of flight
 C - a ring of stealth (right hand)
Scrolls
 e - 2 scrolls of amnesia {unknown}
 f - a scroll of teleportation {unknown}
 i - a scroll of magic mapping {unknown}
 l - 6 scrolls of identify
 m - a scroll of immolation {unknown}
 r - a scroll of enchant armour {unknown}
 s - a scroll of remove curse {unknown}
Potions
 d - 2 potions of haste
 j - a potion of curing
 n - a potion of degeneration {unknown}
 t - 2 potions of heal wounds {unknown}
 w - a potion of brilliance {unknown}
 A - a potion of cure mutation {unknown}
Books
 b - a book of Flames

   Spells                             Type                      Level
   a - Flame Tongue                   Conjuration/Fire             1
   b - Throw Flame                    Conjuration/Fire             2
   c - Conjure Flame                  Conjuration/Fire             3
   d - Inner Flame                    Hexes/Fire                   3
   e - Sticky Flame                   Conjuration/Fire             4
   f - Fireball                       Conjuration/Fire             5
Comestibles
 c - 2 bread rations
 h - a beef jerky
 o - a meat ration


   Skills:
 - Level 2.1 Dodging
 - Level 2.1 Stealth
 - Level 1.0 Shields
 - Level 2.4 Spellcasting
 + Level 4.5 Conjurations
 + Level 5.5 Fire Magic


You had 2 spell levels left.
You knew the following spells:

 Your Spells              Type           Power        Failure   Level  Hunger
a - Flame Tongue          Conj/Fire      ###..        2%          1    #......
b - Conjure Flame         Conj/Fire      ###.....     10%         3    ###....
c - Inner Flame           Hex/Fire       ##......     24%         3    ###....


Dungeon Overview and Level Annotations

Branches:
Dungeon (4/15)
 Temple: D:4-7

Altars:
Kikubaaqudgha
Trog

Annotations:
D:3 Edmund


Message History

You are too injured to fight recklessly!
Casting: Flame Tongue
Confirm with . or Enter, or press ? or * to list all spells.
Aiming: Flame Tongue
Press: ? - help, Shift-Dir - straight line, f/p - Edmund
Aim: Edmund, wielding a dire flail of protection and wearing a leather armour (severely wounded)
The flame tongue hits Edmund.
Edmund is severely wounded.
You block Edmund's attack.
Casting: Flame Tongue
Confirm with . or Enter, or press ? or * to list all spells.
Aiming: Flame Tongue
Press: ? - help, Shift-Dir - straight line, f/p - Edmund
Aim: Edmund, wielding a dire flail of protection and wearing a leather armour (severely wounded)
The flame tongue hits Edmund.
Edmund appears unharmed.
Edmund is severely wounded.
You are too injured to fight recklessly!
You are too injured to fight recklessly!
Edmund hits you with a dire flail of protection!
You die...

##.....##########..#...#...##..##
#####............#............##
##......##########............##≈
...###.## #####.............#≈≈
.### #.### #.................#≈≈
.# #...####.#####...........#≈≈
.## ###...)..####.....#...#..#≈≈
..# ####...(@...##b######..##≈
#.#########.#.(.@####[# ##.....##
#......##...(.##....#.###..##..##
######.##.#(#######.).....###...#
#.#..(.# ####<.....##.#..
###...#### #...[..##..#.#..
####>.......# ###.####.###.....#
............####...# #.# #.....#
....#.......##...### ### #.....#
.#####.########### #.....#


You could see Edmund.

Vanquished Creatures
  A black bear (D:4)
  The ghost of dscm the Ducker, a weakling OpMo (D:4)
  An orc priest (D:4)
  Terence (D:2)
  An orc wizard (D:3)
  A worker ant (D:4)
  3 adders (D:3)
  3 oozes
  A leopard gecko (D:1)
  5 orcs
  7 bats
  4 giant cockroaches
  7 goblins
  3 hobgoblins
  3 jackals (D:1)
  2 quokkas
  3 frilled lizards
  5 kobolds
  8 rats
60 creatures vanquished.

Notes
Turn   | Place    | Note
-------+----------+-------------------------------------------
     0 | D:1      | dngmouse the High Elf Fire Elementalist began the quest for the Orb.
     0 | D:1      | Reached XP level 1. HP: 11/11 MP: 4/4
   343 | D:1      | Reached XP level 2. HP: 15/17 MP: 3/6
  1177 | D:2      | Reached XP level 3. HP: 19/21 MP: 5/7
  1279 | D:2      | Reached skill level 4 in Fire Magic
  1313 | D:2      | Learned a level 3 spell: Conjure Flame
  1465 | D:2      | Noticed Terence
  1603 | D:2      | Killed Terence
  1832 | D:2      | Reached XP level 4. HP: 23/27 MP: 4/8
  2111 | D:3      | Reached skill level 1 in Shields
  2361 | D:3      | Found an ancient bone altar of Kikubaaqudgha.
  2640 | D:2      | Learned a level 3 spell: Inner Flame
  2892 | D:3      | Found a bloodstained altar of Trog.
  3128 | D:4      | Reached XP level 5. HP: 31/31 MP: 5/9
  3212 | D:4      | Got a distressingly furry ring mail
  3213 | D:4      | Identified the cursed +0 ring mail of Makhleb's Regard {Regen+ Dex+4} (You found it on level 4 of the Dungeon)
  3217 | D:4      | Noticed dscm's ghost (weakling OpMo)
  3223 | D:4      | Killed dscm's ghost
  3223 | D:4      | Reached skill level 5 in Fire Magic
  3338 | D:4      | Noticed a black bear
  3382 | D:4      | Killed a black bear
  3382 | D:4      | Reached XP level 6. HP: 36/36 MP: 0/10
  3830 | D:4      | Noticed Edmund
  3954 | D:3      | HP: 1/36 [Edmund/dire flail of protection (9)]
  3974 | D:3      | Slain by Edmund

Skill      XL: |  1  2  3  4  5 |
---------------+----------------+-----
Conjurations   | 2 3 4 |  4.5
Fire Magic     | 4 5 |  5.5
Shields        | 1 |  1.0
Dodging        | |  2.1
Stealth        | |  2.1
Spellcasting   | |  2.4

Action                   |  1- 3 |  4- 6 || total
-------------------------+-------+-------++-------
Melee: Short sword       |    31 |    18 ||    49
 Cast: Flame Tongue      |    53 |    93 ||   146
       Conjure Flame     |     1 |     1 ||     2
  Use: Scroll            |       |     2 ||     2
       Potion            |       |     2 ||     2
 Stab: Sleeping          |     1 |       ||     1
       Invisible         |       |     2 ||     2
  Eat: Chunk             |     2 |     7 ||     9
Armor: Robe              |    10 |    20 ||    30
       Scale mail        |       |     2 ||     2
Dodge: Dodged            |    35 |    51 ||    86
Block: Buckler           |     4 |    17 ||    21
